Map: Orbital Shipyard

Players

Miszu - Winner!

  • Race: Terran Terran
  • League: Master

Revolver

  • Race: Zerg Zerg
  • League: Master

VOD

Have the link to the VOD?

Description

Time

  • Played on: Feb. 6, 2016, 4:54 p.m.
  • Length: 7:52
Show
View Real Time Build Order
Export as new Build Order

Miszu Terran - Winner!

Build Orders: MMM Bio 

Get SALT Encoding   

  12  0:00  SCV  
  13  0:13  SCV  
  14  0:21  Supply Depot  
  14  0:25  SCV  
  15  0:43  SCV  
  15  0:47  Barracks  
  16  0:50  Refinery  
  16  0:55  SCV  
  17  1:09  SCV  
  18  1:22  SCV  
  19  1:34  Orbital Command  
  19  1:36  Barracks Reactor  
  19  1:42  Command Center  
  19  1:52  Supply Depot  
  19  2:00  SCV  
  20  2:13  SCV  
  21  2:17  Reaper x2  
  23  2:25  SCV  
  23  2:28  Command Center  
  24  2:37  SCV  
  25  2:49  SCV  
  26  2:53  Reaper x2  
  26  2:56  Orbital Command  
  28  3:01  SCV  
  28  3:04  Barracks  
  29  3:06  Barracks  
  29  3:11  Refinery  
  29  3:13  SCV  
  30  3:23  SCV  
  30  3:25  SCV  
  30  3:26  Reaper x2  
  34  3:35  SCV  
  34  3:38  SCV  
  36  3:44  SCV  
  36  3:48  SCV  
  38  3:50  SCV  
  39  3:57  Barracks Tech Lab  
  39  3:58  Barracks Tech Lab, Orbital Command  
  39  4:03  Marine x2  
  39  4:04  SCV  
  39  4:05  SCV  
  43  4:16  Marine x2, Refinery x2, SCV  
  46  4:17  Factory, SCV  
  46  4:18  Stimpack  
  46  4:21  Marine x2  
  49  4:28  SCV  
  49  4:29  SCV  
  49  4:30  SCV  
  52  4:34  Marine  
  52  4:38  Marine  
  53  4:39  Marine  
  53  4:40  SCV  
  53  4:42  SCV  
  58  4:46  Orbital Command  
  58  4:51  Engineering Bay  
  58  4:52  Engineering Bay, SCV  
  59  4:54  SCV, Combat Shields  
  59  4:59  Supply Depot  
  59  5:01  Supply Depot  
  59  5:02  Supply Depot x2  
  59  5:04  SCV  
  59  5:06  SCV  
  61  5:14  Marine  
  61  5:20  Starport, Marine x3, Factory Reactor  
  61  5:21  SCV x2  
  66  5:24  SCV  
  67  5:31  Marine  
  67  5:33  SCV  
  67  5:35  SCV  
  70  5:36  Terran Infantry Weapons Level 1, Terran Infantry Armor Level 1  
  70  5:37  SCV  
  70  5:38  Marine  
  70  5:39  Marine  
  70  5:40  Marine  
  74  5:45  Barracks, SCV  
  74  5:46  Barracks  
  74  5:49  Marine  
  76  5:50  SCV  
  76  5:51  SCV  
  78  5:57  SCV  
  78  5:59  Marine x2, Refinery  
  78  6:01  Armory  
  78  6:02  Marine, SCV  
  78  6:03  SCV  
  84  6:04  Refinery  
  84  6:07  Marine  
  84  6:09  SCV, Factory Reactor  
  86  6:14  SCV  
  86  6:15  SCV  
  86  6:17  Marine  
  89  6:20  Factory Tech Lab  
  89  6:21  Medivac x2  
  93  6:26  Supply Depot  
  93  6:28  Supply Depot  
  93  6:29  Concussive Shells  
  93  6:30  Supply Depot  
  93  6:31  Supply Depot  
  93  6:35  SCV x3  
  93  6:37  Barracks Reactor, Barracks Tech Lab  
  93  6:38  Barracks Tech Lab  
  96  6:42  Marine, Siege Tank  
  96  6:43  Marine  
  101  6:48  Marine, SCV x3  
  101  6:50  Marauder  
  101  6:51  Medivac x2  
  111  7:00  Marine, Marauder, SCV x3  
  111  7:01  Marine, Marauder  
  119  7:02  Supply Depot  
  119  7:04  Supply Depot  
  119  7:06  Marine  
  121  7:12  Marauder, SCV  
  121  7:14  Siege Tank  
  127  7:18  Marine  
  127  7:19  Marine  
  127  7:21  Marine x2  
  131  7:23  Marine  
Show
View Real Time Build Order
Export as new Build Order

Revolver Zerg 

Build Orders: Hatch First 

Get SALT Encoding   

  12  0:03  Drone  
  13  0:13  Overlord  
  13  0:18  Drone  
  14  0:33  Drone x2  
  16  0:38  Drone  
  17  0:52  Hatchery  
  17  0:55  Drone  
  17  1:01  Drone  
  18  1:10  Extractor  
  17  1:15  Spawning Pool  
  17  1:18  Drone  
  17  1:20  Drone  
  18  1:30  Drone  
  19  1:40  Overlord  
  19  2:01  Queen  
  19  2:03  Zergling x4  
  19  2:04  Queen  
  19  2:06  Drone  
  26  2:12  Metabolic Boost  
  27  2:22  Drone  
  27  2:23  Drone x2  
  29  2:37  Queen  
  29  2:40  Queen  
  29  2:41  Drone x2  
  35  2:45  Overlord  
  35  2:47  Drone  
  36  2:57  Overlord  
  36  3:03  Drone x2  
  38  3:13  Drone  
  38  3:14  Drone x5  
  44  3:21  Drone  
  45  3:31  Zergling x6  
  48  3:41  Queen  
  48  3:42  Queen  
  48  3:46  Hatchery  
  51  3:50  Overlord  
  50  4:14  Hatchery  
  50  4:15  Zergling x14  
  56  4:21  Queen x2  
  59  4:31  Overlord  
  57  4:43  Overlord x2  
  57  4:47  Evolution Chamber  
  57  4:48  Evolution Chamber  
  55  5:00  Overlord  
  55  5:01  Drone  
  55  5:02  Drone x8  
  64  5:12  Drone  
  63  5:16  Zerg Ground Armor Level 1  
  63  5:18  Extractor  
  63  5:19  Drone x2  
  64  5:29  Drone x3  
  64  5:34  Drone x2  
  69  5:39  Zerg Melee Weapons Level 1  
  69  5:42  Drone x3  
  73  5:50  Drone x4  
  73  5:51  Overlord  
  73  5:55  Drone  
  77  5:57  Baneling Nest  
  77  5:58  Hatchery  
  75  6:12  Zergling x2  
  75  6:13  Zergling x18  
  75  6:14  Lair  
  75  6:18  Extractor  
  84  6:19  Extractor, Zergling x4  
  84  6:20  Extractor  
  84  6:21  Extractor  
  83  6:31  Drone x3  
  86  6:37  Drone x2  
  86  6:39  Drone x2  
  90  6:45  Overlord x4  
  90  6:56  Overlord  
  90  7:04  Drone  
  90  7:05  Drone x7  
  90  7:07  Drone x4  
  102  7:13  Zergling x8  
  106  7:21  Infestation Pit  
  101  7:23  Zergling x6  
  100  7:30  Zergling x4  
  100  7:31  Zergling x2  
Tags
 
Add a new tag
Caveats
  • Supply blocks, unpowered buildings, or Contaminate may cause inaccurate times.
  • Supply counts are checked every 10 seconds.